AoeStats
← 3379631833

Arena

503927202Analyzed
4v4 RM · 29d ago on Sep 3, 2026· 79m 14s· 8 players
Game mode
Random Map
Map size
Large (8 player)
Population
200
Speed
Normal
Resources
Standard
Victory
Conquest
Starting age
Dark Age
Ending age
Imperial Age
RankedLock teamsTeams togetherTeam positionsShared explorationLock speedFull tech treeHidden civsTurbo modeCheats
Victory
Defeat
🇺🇸 Britons · United States
703
+19
🇨🇴 Muisca · Colombia
666
+21
🇺🇸 Byzantines · United States
635
+22
🇨🇦 Slavs · Canada
628
+22
🇨🇳 Huns · China
821
-23
🇺🇸 Saracens · United States
819
-68
🇨🇴 Koreans · Colombia
734
-19
🇦🇷 Cumans · Argentina
722
-19
Icetor
11:39 Feudal Age
13:33 Double-Bit Axe
13:52 Horse Collar
16:35 Wheelbarrow
16:14 Gold Mining
17:24 Stone Mining
21:55 Castle Age
21:00 Scale Barding Armor
20:56 Scale Mail Armor
21:07 Forging
23:29 Bow Saw
23:22 Heavy Plow
23:10 Loom
25:24 Gold Shaft Mining
28:10 Chain Barding Armor
28:06 Chain Mail Armor
28:40 Stone Shaft Mining
29:52 Pikeman
30:20 Gambesons
33:03 Caravan
33:11 Squires
32:57 Arson
33:50 Iron Casting
41:06 Imperial Age
38:54 Hand Cart
39:02 Ballistics
39:15 Husbandry
41:56 Heavy Camel Rider
45:34 Chemistry
49:56 Crop Rotation
51:44 Two-Man Saw
51:02 Halberdier
69:41 Fletching
70:31 Plate Barding Armor
70:27 Plate Mail Armor
69:57 Padded Archer Armor
69:48 Fletching
tbogwald
12:13 Feudal Age
13:00 Double-Bit Axe
12:57 Horse Collar
21:27 Castle Age
19:48 Gold Mining
19:51 Stone Mining
20:56 Forging
21:42 Scale Mail Armor
21:07 Man-at-Arms
22:23 Bow Saw
22:16 Heavy Plow
23:07 Gold Shaft Mining
25:04 Long Swordsman
26:00 Fortified Wall
26:05 Fletching
28:47 Detinets
32:04 Imperial Age
29:25 Loom
32:11 Imperial Age
29:48 Bodkin Arrow
38:46 Town Watch
40:40 Town Patrol
41:49 Wheelbarrow
44:56 Conscription
46:07 Ballistics
45:46 Murder Holes
46:53 Iron Casting
46:34 Chain Mail Armor
48:26 Two-Man Saw
48:30 Masonry
49:56 Blast Furnace
49:27 Plate Mail Armor
49:01 Padded Archer Armor
51:47 Crop Rotation
51:41 Two-Handed Swordsman
51:42 Pikeman
52:23 Squires
52:45 Leather Archer Armor
56:44 Champion
59:12 Druzhina
59:39 Hand Cart
60:16 Hoardings
62:30 Ring Archer Armor
62:06 Scale Barding Armor
65:47 Guard Tower
66:03 Siege Engineers
65:32 Sappers
66:25 Chain Barding Armor
70:31 Plate Barding Armor
71:12 Halberdier
Kuningaz
6:39 Loom
7:56 Loom
11:00 Feudal Age
9:22 Loom
16:17 Horse Collar
16:27 Double-Bit Axe
18:57 Fletching
20:09 Forging
24:03 Castle Age
22:52 Scale Mail Armor
23:43 Wheelbarrow
25:20 Town Watch
27:24 Pikeman
28:59 Iron Casting
danielalejandrocrco
1:22 Loom
10:09 Feudal Age
17:04 Castle Age
16:40 Double-Bit Axe
16:46 Horse Collar
18:37 Wheelbarrow
22:06 Heavy Plow
24:58 Bow Saw
26:12 Champi Runner
26:53 Squires
27:16 Scale Mail Armor
27:30 Champi Warrior
31:31 Hand Cart
33:50 Gold Mining
33:51 Stone Mining
33:40 Pikeman
36:49 Chain Mail Armor
36:45 Forging
39:22 Imperial Age
38:58 Gold Shaft Mining
38:58 Stone Shaft Mining
39:48 Iron Casting
39:18 Town Watch
39:46 Elite Temple Guard
41:18 Town Patrol
42:06 Crop Rotation
42:40 Two-Man Saw
43:08 Plate Mail Armor
43:26 Elite Skirmisher
44:12 Thumb Ring
44:11 Elite Guecha Warrior
45:19 Fletching
47:04 Bodkin Arrow
47:10 Padded Archer Armor
48:50 Chemistry
48:10 Ballistics
47:31 Treadmill Crane
48:47 Conscription
50:45 Elite Champi Warrior
51:39 Herbalism
51:46 Huaracas
53:43 Guard Tower
54:04 Masonry
55:14 Bracer
55:30 Leather Archer Armor
56:10 Keep
57:20 Hoardings
LReyes4029
5:08 Loom
5:42 Loom
12:25 Feudal Age
12:47 Feudal Age
13:36 Horse Collar
13:48 Double-Bit Axe
16:11 Wheelbarrow
17:44 Town Watch
20:21 Castle Age
18:47 Fletching
20:48 Gold Mining
20:30 Crossbowman
21:36 Heavy Plow
22:33 Squires
23:21 Hand Cart
26:26 Bow Saw
26:02 Pikeman
28:50 Bodkin Arrow
32:43 Town Patrol
34:39 Forging
34:37 Thumb Ring
35:15 Gold Shaft Mining
34:33 Stone Mining
36:55 Stone Shaft Mining
38:44 Iron Casting
42:08 Elite Skirmisher
45:20 Imperial Age
43:47 Ballistics
44:04 Fortified Wall
45:01 Coinage
45:01 Treadmill Crane
45:17 Murder Holes
47:25 Two-Man Saw
46:31 Bracer
46:04 Arbalester
47:12 Conscription
48:12 Chemistry
47:19 Siege Engineers
49:15 Shinkichon
49:26 Masonry
50:11 Banking
49:51 Guilds
50:06 Husbandry
50:45 Light Cavalry
52:08 Heavy Rocket Cart
53:07 Scale Mail Armor
53:39 Halberdier
54:04 Arson
crbrady28
0:45 Loom
12:44 Feudal Age
15:51 Town Watch
21:32 Castle Age
21:21 Horse Collar
24:12 Fervor
25:16 Wheelbarrow
25:17 Stone Mining
25:25 Gold Mining
29:49 Scale Barding Armor
30:54 Double-Bit Axe
32:22 Heavy Plow
34:39 Chain Barding Armor
38:36 Pikeman
39:17 Squires
40:26 Caravan
40:48 Devotion
40:41 Arson
43:14 Hand Cart
42:59 Town Patrol
44:50 Bimaristan
44:56 Murder Holes
45:11 Fortified Wall
44:44 Treadmill Crane
45:30 Ballistics
45:02 Guard Tower
44:39 Elite Skirmisher
46:41 Gold Shaft Mining
48:26 Man-at-Arms
48:53 Gambesons
50:54 Masonry
51:02 Husbandry
51:13 Bloodlines
50:24 Light Cavalry
51:11 Scale Mail Armor
52:19 Crossbowman
53:04 Thumb Ring
56:37 Sanctity
56:29 Redemption
56:22 Atonement
56:19 Herbal Medicine
56:47 Heresy
60:05 Long Swordsman
72:14 Imperial Age
74:44 Plate Barding Armor
3379631833
12:57 Feudal Age
13:48 Loom
15:21 Double-Bit Axe
17:04 Stone Mining
17:05 Gold Mining
18:41 Horse Collar
22:17 Castle Age
28:00 Gold Shaft Mining
30:02 Murder Holes
32:47 Bow Saw
46:50 Heavy Plow
47:11 Town Watch
50:44 Imperial Age
48:42 Husbandry
48:55 Forging
48:36 Fletching
48:46 Scale Mail Armor
52:01 Cavalier
53:37 Wheelbarrow
52:50 Town Watch
54:23 Town Patrol
56:03 Iron Casting
55:28 Scale Mail Armor
55:28 Padded Archer Armor
55:34 Scale Barding Armor
56:17 Marauders
55:48 Sappers
56:46 Paladin
70:33 Blast Furnace
69:49 Chain Mail Armor
THE RANDY
14:21 Feudal Age
14:17 Loom
15:58 Horse Collar
16:09 Double-Bit Axe
19:56 Forging
22:46 Castle Age
20:43 Man-at-Arms
21:51 Scale Mail Armor
24:07 Long Swordsman
25:41 Capped Ram
29:34 Pikeman
38:04 Fletching
38:15 Padded Archer Armor
43:58 Murder Holes
46:50 Imperial Age
44:49 Bodkin Arrow
45:50 Ballistics
51:13 Halberdier
53:41 Two-Handed Swordsman
59:52 Chemistry
Connection lost

Rejoining the realm…

Still unreachable

The connection could not be restored.

Session expired

The server has moved on; the page needs a fresh start.